Map: Odyssey LE

Players

Ace

  • Race: Zerg Zerg
  • League: Gold
  • Spawn Location: 11:00

FLORENCIO - Winner!

  • Race: Protoss Protoss
  • League: Diamond
  • Spawn Location: 5:00

VOD

Have the link to the VOD?

Description

Time

  • Played on: May 9, 2017, 3:25 p.m.
  • Length: 16:59
Show
View Real Time Build Order
Export as new Build Order

Ace Zerg 

Build Orders: Hatch First 

Get SALT Encoding   

  12  0:01  Drone  
  13  0:12  Overlord  
  13  0:17  Drone  
  14  0:31  Drone x2  
  16  0:36  Drone  
  17  0:52  Hatchery  
  17  0:55  Drone  
  17  1:11  Spawning Pool  
  16  1:12  Drone  
  16  1:16  Extractor  
  16  1:17  Drone  
  17  1:25  Drone  
  18  1:29  Drone  
  19  1:41  Drone  
  20  1:49  Overlord  
  20  1:57  Queen  
  23  2:09  Zergling x2  
  24  2:18  Zergling x2  
  25  2:22  Roach Warren  
  25  2:25  Zergling x2  
  25  2:33  Evolution Chamber  
  24  2:51  Overlord  
  24  3:01  Overlord  
  24  3:07  Queen  
  24  3:12  Extractor  
  25  3:17  Zergling x2  
  25  3:19  Metabolic Boost  
  26  3:22  Zerg Melee Weapons Level 1  
  26  3:48  Drone x3  
  27  3:49  Drone  
  27  3:50  Overlord  
  30  4:04  Hatchery  
  29  4:13  Roach x3  
  36  4:17  Drone x2  
  36  4:20  Hatchery  
  36  4:50  Drone x3, Overlord  
  39  5:01  Drone x2  
  37  5:23  Ravager x3  
  37  5:27  Drone x2, Queen  
  43  5:39  Lair  
  43  6:00  Drone x3  
  46  6:20  Hatchery  
  46  6:21  Drone  
  46  6:35  Drone x2  
  48  6:42  Zergling x8  
  52  6:49  Spire  
  52  6:52  Overseer  
  51  6:56  Extractor  
  51  6:59  Extractor  
  49  7:20  Overlord  
  49  7:24  Spine Crawler  
  49  7:25  Spore Crawler  
  47  7:30  Drone  
  47  7:31  Drone x2  
  47  7:32  Drone x3  
  47  7:34  Drone  
  54  7:50  Overlord  
  53  8:04  Mutalisk x5  
  53  8:05  Mutalisk x3  
  65  8:23  Mutalisk x2  
  62  8:57  Hatchery  
  61  9:03  Hatchery  
  60  9:18  Zergling x6  
  60  9:19  Zergling x4  
  63  9:34  Extractor  
  58  9:40  Extractor  
  44  9:54  Spore Crawler  
  37  10:03  Drone x4  
  37  10:04  Drone  
  42  10:15  Hatchery  
  41  10:22  Drone x2  
  41  10:24  Spore Crawler  
  42  10:31  Lair  
  37  10:45  Drone  
  38  10:56  Drone  
  38  10:57  Drone x2  
  41  11:15  Drone  
  41  11:17  Drone x2  
  38  11:30  Queen  
  38  11:41  Corruptor  
  38  11:42  Corruptor x7  
  52  11:56  Hydralisk Den  
  48  12:28  Hydralisk x4  
  56  12:48  Drone x2  
  56  12:49  Drone x2  
  60  12:57  Muscular Augments  
  60  13:17  Hydralisk x4  
  68  13:23  Spore Crawler  
  66  13:50  Hydralisk x4  
  66  13:51  Hydralisk  
  76  14:03  Zerg Missile Weapons Level 1  
  76  14:06  Zergling x2  
  76  14:07  Zergling x2  
  76  14:08  Zergling x2  
Show
View Real Time Build Order
Export as new Build Order

FLORENCIO Protoss - Winner!

Build Orders: Cannon Rush 

Get SALT Encoding   

  12  0:01  Probe (Chrono Boost)  
  13  0:12  Probe (Chrono Boost)  
  14  0:22  Probe (Chrono Boost)  
  14  0:26  Pylon  
  15  0:44  Probe (Chrono Boost)  
  15  0:48  Forge  
  16  0:55  Probe (Chrono Boost)  
  17  1:05  Probe (Chrono Boost)  
  18  1:11  Pylon  
  18  1:16  Probe (Chrono Boost)  
  19  1:27  Probe (Chrono Boost)  
  19  1:30  Photon Cannon  
  20  1:37  Probe (Chrono Boost)  
  21  1:42  Photon Cannon  
  21  1:43  Photon Cannon  
  21  1:48  Probe (Chrono Boost)  
  22  1:57  Assimilator  
  22  1:58  Probe (Chrono Boost)  
  23  2:02  Assimilator x2  
  23  2:26  Photon Cannon, Gateway, Probe (Chrono Boost)  
  23  2:28  Pylon  
  24  2:36  Probe (Chrono Boost)  
  25  2:47  Probe (Chrono Boost)  
  26  2:57  Nexus  
  26  3:03  Pylon  
  26  3:25  Cybernetics Core  
  26  3:27  Probe (Chrono Boost)  
  27  3:34  Pylon  
  27  3:49  Pylon  
  27  4:01  Mothership Core (Chrono Boost)  
  29  4:08  Stargate  
  29  4:09  Stargate  
  29  4:17  Photon Cannon  
  29  4:31  Photon Cannon  
  29  4:32  Pylon  
  29  4:34  Assimilator  
  29  4:35  Probe (Chrono Boost)  
  29  4:38  Assimilator  
  30  4:42  Photon Cannon  
  30  4:45  Probe (Chrono Boost)  
  31  4:52  Pylon  
  31  4:56  Probe (Chrono Boost)  
  32  5:12  Photon Cannon  
  32  5:13  Photon Cannon  
  32  5:15  Photon Cannon  
  32  5:25  Void Ray  
  32  5:26  Probe (Chrono Boost)  
  37  5:37  Probe (Chrono Boost)  
  38  5:47  Void Ray, Probe (Chrono Boost)  
  43  5:58  Probe (Chrono Boost)  
  44  6:07  Void Ray  
  48  6:20  Probe (Chrono Boost)  
  48  6:23  Pylon  
  49  6:29  Void Ray  
  53  6:50  Void Ray  
  57  6:58  Nexus  
  57  7:14  Probe (Chrono Boost)  
  58  7:25  Probe (Chrono Boost)  
  58  7:26  Void Ray  
  63  7:30  Probe (Chrono Boost)  
  64  7:40  Probe (Chrono Boost)  
  64  7:50  Pylon  
  64  7:52  Oracle  
  64  7:56  Stargate  
  65  8:44  Phoenix  
  65  8:45  Phoenix x2  
  55  8:54  Probe (Chrono Boost)  
  52  9:04  Probe (Chrono Boost)  
  52  9:09  Phoenix  
  55  9:10  Phoenix x2  
  55  9:16  Forge  
  59  9:19  Mothership Core (Chrono Boost)  
  59  9:22  Probe (Chrono Boost)  
  56  9:33  Probe (Chrono Boost)  
  56  9:34  Phoenix x2  
  56  9:35  Phoenix  
  61  10:14  Void Ray x3  
  73  10:32  Forge  
  73  10:58  Assimilator  
  73  11:01  Stargate  
  73  11:03  Stargate, Assimilator  
  73  11:06  Stargate  
  73  11:32  Void Ray  
  73  11:33  Void Ray x2  
  85  11:50  Photon Cannon  
  85  11:52  Photon Cannon  
  85  11:56  Photon Cannon  
  85  12:08  Void Ray x2  
  93  12:18  Fleet Beacon  
  93  12:20  Void Ray  
  93  12:22  Pylon  
  93  12:24  Pylon  
  93  12:33  Pylon  
  93  12:36  Pylon  
  93  12:40  Void Ray x2  
  101  12:57  Probe (Chrono Boost)  
  110  13:06  Void Ray  
  114  13:19  Graviton Catapult  
  114  13:21  Probe (Chrono Boost)  
  115  13:31  Probe (Chrono Boost)  
  116  13:41  Void Ray x2  
  116  13:42  Probe (Chrono Boost)  
  117  14:03  Pylon  
  117  14:04  Pylon  
  117  14:06  Pylon  
  117  14:07  Photon Cannon  
  117  14:17  Pylon  
  117  14:19  Pylon  
  117  14:21  Oracle x2, Pylon  
  117  14:22  Oracle  
  117  14:24  Pylon  
  126  14:43  Photon Cannon  
  126  14:44  Photon Cannon  
  126  14:46  Photon Cannon  
Tags
 
Add a new tag
Caveats
  • Supply blocks, unpowered buildings, or Contaminate may cause inaccurate times.
  • Supply counts are checked every 10 seconds.